 Dungeon Crawl Stone Soup version 0.27-a0-1140-g099f9bb0e8 (webtiles) character file.

Game seed: 16380446026167720703

184 Mesmaeker13 the Bolt Thrower (level 5, -12/32 HPs)
             Began as a Kobold Hunter on May 9, 2021.
             Mangled by Duvessa
             ... wielding a +0 short sword
              (19 damage)
             ... on level 3 of the Dungeon.
             The game lasted 00:06:34 (3665 turns).

Mesmaeker13 the Bolt Thrower (Kobold Hunter)        Turns: 3665, Time: 00:06:34

Health: -12/32     AC:  8    Str:  9    XL:     5   Next: 96%
Magic:  5/5        EV: 16    Int: 13    God:
Gold:   1003       SH:  0    Dex: 16    Spells: 4/4 levels left

rFire    . . .     SeeInvis .   l - +4 whip (flame)
rCold    . . .     Faith    .   (shield restricted)
rNeg     + . .     Spirit   .   i - +2 robe {rN+}
rPois    .         Reflect  .   (no helmet)
rElec    .         Harm     .   (no cloak)
rCorr    +         Rampage  .   (no gloves)
Will     .....                  (no boots)
Stlth    +++++.....             (no amulet)
HPRegen  0.10/turn              h - +4 ring of protection
MPRegen  0.09/turn              o - ring of Xaitousch {rCorr Stlth+}

@: no status effects
A: small, no large weapons, nightstalker 3
a: no special abilities


You were on level 3 of the Dungeon.
You visited 1 branch of the dungeon, and saw 4 of its levels.

You collected 1003 gold pieces.

Inventory:

Hand Weapons
 a - a +1 hand crossbow
 l - a +4 whip of flaming (weapon)
Missiles
 d - 6 bolts
Armour
 i - a +2 robe of positive energy (worn)
Jewellery
 h - a +4 ring of protection (left hand)
 o - the ring of Xaitousch (right hand) {rCorr Stlth+}
   (You acquired it on level 3 of the Dungeon)

   [ring of resist corrosion]

   It protects you from acid and corrosion.
   It makes you more stealthy.
Scrolls
 g - a scroll of identify
 n - a scroll of immolation
Potions
 b - a potion of brilliance {unknown}
 e - a potion of flight
 f - a potion of curing {unknown}
 j - a potion of ambrosia {unknown}
 k - 2 potions of heal wounds {unknown}


   Skills:
 + Level 3.6 Fighting
 + Level 5.7 Crossbows
 + Level 4.0 Dodging
 + Level 3.9 Stealth


You had 4 spell levels left.
You didn't know any spells.
Your spell library was empty.

Dungeon Overview and Level Annotations

Branches:
Dungeon (4/15)
 Temple: D:4-7

Altars:
Hepliaklqana

Annotations:
D:2 Terence
D:3 Duvessa


Innate Abilities, Weirdness & Mutations

You are small and have problems with some larger weapons.
You are completely attuned to the shadows.


Message History

[Y]es or [N]o only, please.
Really attack while wielding your +1 hand crossbow? [Y]es or [N]o only, please.
Really attack while wielding your +1 hand crossbow?
Okay, then.
As you read the scroll labelled FUUSTR ISOU, it crumbles to dust.
You feel momentarily disoriented.
It was a scroll of magic mapping.
Duvessa hits you but does no damage. Dowan closely misses you.
Your +4 whip of flaming bursts into flame!
l - a +4 whip of flaming (weapon)
Duvessa misses you.
Dowan casts a spell at Duvessa.
Duvessa seems to speed up.
You hit Duvessa. You burn Duvessa.
Duvessa is lightly wounded.
Duvessa closely misses you. Dowan barely misses you. Duvessa misses you.
You whack Dowan! You burn Dowan.
Dowan is heavily wounded.
Dowan gestures wildly while chanting.
Dowan blinks!
Duvessa hits you with a +0 short sword. Duvessa hits you with a +0 short sword!
Duvessa hits you with a +0 short sword.
You hit Dowan. You burn Dowan.
Dowan is severely wounded.
Duvessa barely misses you. Dowan barely misses you.
Duvessa hits you with a +0 short sword!
* * * LOW HITPOINT WARNING * * *
Unknown command.
You whack Dowan! You burn Dowan.
You kill Dowan!
Duvessa screams in rage.
Duvessa goes berserk!
Duvessa barely misses you. Duvessa completely misses you.
Your Dodging skill increases to level 4!
Things that are here:
a +0 dagger; a +0 robe; the elf corpse of Dowan Duvessa completely misses you.
There is a stone staircase leading up here.
Duvessa misses you.
Duvessa hits you with a +0 short sword!!
Ouch! That really hurt!
You die...

####### #.....# ####.....#####
#........)...# #.##.....###.#
#########.#.....e..#.#
................@...>#
#########.#######..#.#
..................<#.#
#####...........##.#.############
#......(.........#.......##≈≈
#...........##.###.......#≈≈≈
#...........##.# #.......#≈≈≈
#...........##.# #.......#≈♣8
#...........##.# #.......#♣..


You could see Duvessa (berserk, fast).

Vanquished Creatures
  Dowan (D:3)
  Ijyb (D:2)
  An iguana (D:3)
  2 adders (D:3)
  A worm (D:2)
  3 dart slugs
  An orc (D:3)
  6 bats
  2 endoplasms (D:3)
  3 giant cockroaches
  2 goblins
  11 hobgoblins
  A jackal (D:2)
  6 kobolds
  3 quokkas
  5 ball pythons
  2 frilled lizards
  7 rats
58 creatures vanquished.

Notes
Turn   | Place    | Note
-------+----------+-------------------------------------------
     0 | D:1      | Mesmaeker13 the Kobold Hunter began the quest for the Orb.
     0 | D:1      | Reached XP level 1. HP: 12/12 MP: 1/1
   271 | D:1      | Reached skill level 5 in Crossbows
   271 | D:1      | Reached XP level 2. HP: 18/18 MP: 2/2
   427 | D:1      | Reached XP level 3. HP: 22/22 MP: 3/3
   780 | D:2      | Found a faded altar of an unknown god.
  1558 | D:2      | Noticed Terence
  1566 | D:2      | Reached XP level 4. HP: 27/27 MP: 4/4
  1964 | D:3      | Identified 2 scrolls of acquirement
  1964 | D:3      | Acquired the ring of Xaitousch {rCorr Stlth+}
  1965 | D:3      | Noticed Ijyb
  1973 | D:3      | Acquired 920 gold pieces
  1989 | D:3      | Paralysed by Ijyb for 6 turns
  2111 | D:3      | Paralysed by Ijyb for 7 turns
  2271 | D:2      | Killed Ijyb
  2639 | D:3      | Reached XP level 5. HP: 23/32 MP: 5/5
  2964 | D:3      | Found a hazy altar of Hepliaklqana.
  3290 | D:4      | Noticed Duvessa
  3290 | D:4      | Noticed Dowan
  3660 | D:3      | Killed Dowan
  3665 | D:3      | Mangled by Duvessa

Illustrated notes

Levels and vault maps discovered:
D:1:      dpeg_arrival_central, layout_basic
D:2:      layout_loops_corners, ebering_ecumenical_altar_rust,
          minmay_tetromino_i4, uniq_terence
D:3:      layout_basic, worldfamousw_hep_ancestral_shrine, uniq_ijyb
D:4:      layout_cave_pools, grunt_temple_overflow_open, hangedman_ru_absence,
          minmay_temple_entry_drinking_statues, gammafunk_ghost_icy,
          uniq_duvessa

Skill      XL: |  1  2  3  4  5 |
---------------+----------------+-----
Crossbows      | 5 |  5.7
Stealth        | 2 3 |  3.9
Dodging        | 3 4 |  4.0
Fighting       | 3 |  3.6

Action                   |  1- 3 |  4- 6 || total
-------------------------+-------+-------++-------
Melee: Whip              |    66 |    68 ||   134
 Fire: Hand crossbow     |    28 |    37 ||    65
  Use: Scroll            |       |     7 ||     7
       Potion            |       |     1 ||     1
 Stab: Sleeping          |    12 |     3 ||    15
Armor: Robe              |    15 |    25 ||    40
Dodge: Dodged            |    36 |    61 ||    97

Table legend: (Time is in decaauts)
 A = Elapsed time spent in this place.
 B = Non-inter-level travel time spent in this place.
 C = Inter-level travel time spent in this place.
 D = Time resting spent in this place.
 E = Time spent auto-exploring this place.
 F = Levels seen in this place.
 G = Mean time per level.
                   A        B        C        D        E       F      G
               +--------+--------+--------+--------+--------+-----+--------+
         Total |   3690 |   3530 |    160 |    737 |   2075 |   4 |  922.5 |
       Dungeon |   3690 |   3530 |    160 |    737 |   2075 |   4 |  922.5 |
               +--------+--------+--------+--------+--------+-----+--------+

Top non-repeatable levels by time:
     D:3: 1441 daAuts
     D:2: 1319 daAuts
     D:1: 895 daAuts
     D:4: 34 daAuts
